 Dungeon Crawl Stone Soup version 0.31-a0-853-gc9b61b78f7 (webtiles) character file.

Game seed: 11109054350087203169

79794 CrazyBamboolord the Warrior (level 15, -4/143 HPs)
             Began as a Ghoul Fighter on Oct 8, 2023.
             Was a High Priest of Okawaru.
             Slain by a bone dragon (12 damage)
             ... on level 2 of the Abyss.
             The game lasted 00:46:00 (20289 turns).

CrazyBamboolord the Warrior (Ghoul Fighter)        Turns: 20289, Time: 00:46:01

Health: -4/143     AC: 26    Str: 33 (34) XL:     15   Next: 64%
Magic:  21/21      EV: 12    Int:  1 (3)  God:    Okawaru [*****.]
Gold:   518        SH: 10    Dex:  7 (8)  Spells: 14/14 levels left

rFire   . .          .
                       - Unarmed
rCold   + . .        b - +0 buckler
rNeg    + + +        P - +4 scale mail
rPois   ∞            n - +2 helmet
rElec   +            D - +1 cloak {Stlth+}
rCorr   +            f - +2 pair of gloves
SInv    .            C - +2 pair of boots
Will    ++...        M - amulet of reflection
Stlth   +            U - ring of willpower
HPRegen 0.00/turn    u - ring of Osypherao {*Slow rElec rCorr Str+6 Slay+5}
MPRegen 0.17/turn

%: slow self (1%), reflection
@: about to teleport, inhibited regen, studying Dodging
A: claws 1, cold resistance 1, negative energy resistance 3, inhibited
regeneration, torment resistance 2, devour on kill
a: Renounce Religion, Heroism, Finesse, Duel


You were on level 2 of the Abyss.
You worshipped Okawaru.
Okawaru was extremely pleased with you.
You visited 4 branches of the dungeon, and saw 19 of its levels.
You visited the Abyss 1 time.
You also visited: Ossuary and Bailey.

You collected 2119 gold pieces.
You spent 1601 gold pieces at shops.

Inventory:

Missiles
 r - a throwing net
Armour
 b - a +0 buckler (worn)
 f - a +2 pair of gloves (worn)
 n - a +2 helmet (worn)
 C - a +2 pair of boots (worn)
 D - a +1 cloak of stealth (worn)
 P - a +4 scale mail (worn)
 R - the +0 cloak "Ufrel" {Drain Will+++ Regen+ Int-3}
   (You found it on level 8 of the Dungeon)

   Int-3:     It affects your intelligence (-3).
   Will+++:   It greatly increases your willpower.
   Regen+:    It increases your rate of health regeneration.
   Drain:     It drains your maximum health when unequipped.
 V - a +0 pair of boots of flying
Jewellery
 k - a +5 ring of evasion
 u - the ring of Osypherao (right hand) {*Slow rElec rCorr Str+6 Slay+5}
   (You found it on level 4 of the Dungeon)

   [ring of strength]

   Str+6:     It affects your strength (+6).
   Slay+5:    It affects your accuracy & damage with ranged weapons and melee
   (+5).
   rElec:     It insulates you from electricity.
   rCorr:     It protects you from acid and corrosion.
   *Slow:     It may slow you when you take damage.
 y - a ring of ice
 A - a +5 ring of evasion
 B - a ring of flight
 M - an amulet of reflection (around neck)
 U - a ring of willpower (left hand)
Wands
 g - a wand of digging (7)
 l - a wand of flame (18)
 w - a wand of polymorph (8)
 K - a wand of iceblast (3) (quivered)
 L - a wand of acid (11)
Scrolls
 d - 11 scrolls of teleportation
 e - 7 scrolls of immolation
 h - a scroll of brand weapon {unknown}
 i - 3 scrolls of amnesia
 j - 4 scrolls of fog
 o - 4 scrolls of poison
 q - 2 scrolls of torment
 t - a scroll of blinking
 v - 2 scrolls of vulnerability
 H - a scroll of silence
 J - 2 scrolls of noise
Potions
 a - 4 potions of invisibility
 c - 3 potions of might
 p - 9 potions of brilliance
 s - a potion of attraction {unknown}
 x - 9 potions of curing
 z - 3 potions of cancellation
 E - 3 potions of magic {unknown}
 F - 3 potions of lignification {unknown}
 G - 6 potions of haste
 I - 4 potions of enlightenment
 N - a potion of experience {unknown}
 O - 3 potions of resistance {unknown}
 Q - a potion of ambrosia {unknown}


   Skills:
 * Level 15.7 Fighting
 + Level 11.6 Armour
 - Level 9.0 Dodging
 + Level 9.9 Shields
 * Level 15.4 Unarmed Combat
 + Level 9.3 Invocations


You had 14 spell levels left.
You didn't know any spells.
Your spell library contained the following spells:

 Spells                   Type           Power      Damage    Failure   Level
 Magic Dart               Conj           0%         1d3       78%         1
 Poisonous Vapours        Pois/Air       0%         N/A       89%         2
 Mephitic Cloud           Conj/Pois/Air  0%         N/A       98%         3
 Sigil of Binding         Hex            0%         N/A       98%         3
 Dimensional Bullseye     Hex/Tloc       0%         N/A       100%        4
 Leda's Liquefaction      Hex/Erth       0%         N/A       100%        4
 Freezing Cloud           Conj/Ice/Air   0%         6-21      100%        5
 Call Imp                 Summ           Unusable   N/A       N/A         2
 Call Canine Familiar     Summ           Unusable   N/A       N/A         3

Dungeon Overview and Level Annotations

Branches:
Dungeon (11/15)            Temple (1/1) D:7            Lair (5/5) D:9
 Shoals (0/4) Lair:2       Spider (0/4) Lair:2        Slime (0/5) Lair:5
    Orc (2/2) D:10            Elf (0/3) Orc:2       Ossuary (visited)
 Bailey (visited)

Altars:
Ashenzari
Cheibriados
Dithmenos
Fedhas
Gozag
Hepliaklqana
Kikubaaqudgha
Makhleb
Nemelex Xobeh
Okawaru
Qazlal
Ru
Sif Muna
Trog
Uskayaw
Vehumet
Wu Jian
Xom
Yredelemnul
Jiyva

Shops:
D:4 *:   Orc:1 ?   Orc:2 ((!*

Annotations:
D:11 Erolcha
Lair:5 1 runed translucent door


Innate Abilities, Weirdness & Mutations

You are immune to poison.
You have sharp fingernails.
Your flesh is cold resistant. (rC+)
You are immune to negative energy. (rN+++)
You do not regenerate when monsters are visible.
You are immune to unholy pain and torment.
You thrive by killing the living.


Message History

* * * LOW HITPOINT WARNING * * *
You block the starspawn tentacle's attack.
You punch the tentacled starspawn!
The tentacled starspawn is severely damaged.
A wretched star comes into view.
The tentacled starspawn bites you but does no damage.
The tentacled starspawn tentacle-slaps you.
* * * LOW HITPOINT WARNING * * *
Unknown command.
You pummel the tentacled starspawn!!
The tentacled starspawn is almost destroyed.
The starspawn tentacle grabs you. The starspawn tentacle constricts you.
The tentacled starspawn bites you but does no damage.
The tentacled starspawn tentacle-slaps you.
* * * LOW HITPOINT WARNING * * *
Unknown command.
You feel better. The starspawn tentacle constricts you.
Unknown command.
You pummel the bone dragon!!
The bone dragon is lightly damaged.
The starspawn tentacle constricts you.
* * * LOW HITPOINT WARNING * * *
Unknown command.
You completely miss the starspawn tentacle.
The starspawn tentacle loses its grip on you.
Unknown command.
You barely miss the bone dragon.
The bone dragon is lightly damaged.
The bone dragon bites you!
* * * LOW HITPOINT WARNING * * *
The bone dragon claws you but does no damage.
You block the bone dragon's attack.
Unknown command.
As you read the scroll of teleportation, it crumbles to dust.
You feel strangely unstable.
You feel the power of the Abyss delaying your translocation!
The bone dragon bites you but does no damage.
The bone dragon claws you but does no damage.
The bone dragon tramples you!
You die... h

.. # §...
...# .
...# ....
#.#####
#. # #)##
##..##..#
# #*XD@#
....#w###
#.. #. X§
# §


You could see a bone dragon, a tentacled starspawn, a wretched star and a
starspawn tentacle.

Vanquished Creatures
  A hellephant (Abyss:2)
  A tentacled monstrosity (Abyss:2)
  A very ugly thing (Arena)
  A lorocyproca (Abyss:2)
  An ettin (Orc:1)
  7 hydras
  An ice dragon (Lair:5)
  2 boulder beetles
  3 two-headed ogres
  2 catoblepae
  A death yak (Lair:5)
  7 thrashing horrors (Abyss:2)
  An orc high priest (Orc:1)
  Sonja (Lair:2)
  A sun demon (Abyss:2)
  Amaemon (Lair:1)
  A sixfirhy (Abyss:2)
  4 starcursed masses (Abyss:2)
  3 skysharks
  A flayed ghost (Abyss:2)
  3 lindwurms (Lair:5)
  An orc knight (Orc:2)
  3 harpies (Lair:2)
  4 ugly things (Abyss:2)
  A wolf spider (Lair:5)
  10 orc sorcerers
  A worldbinder (Abyss:2)
  5 elephants (Lair:4)
  A stone giant skeleton (Abyss:2)
  12 black mambas
  2 orange demons
  A rust devil (Abyss:2)
  6 torpor snails (Lair:5)
  A gargoyle (D:10)
  2 guardian serpents
  20 cane toads
  Jeremiah (D:5)
  An unseen horror (D:10)
  5 komodo dragons
  2 ancient zymes (Abyss:2)
  2 trolls
  A polar bear (Lair:4)
  2 hellwings (Abyss:2)
  3 tyrant leeches (Lair:5)
  9 hornets (Lair:5)
  Prince Ribbit (D:5)
  16 blink frogs
  Grinder (D:4)
  5 dream sheep (Lair:4)
  4 raiju (Abyss:2)
  2 flying skulls (Abyss:2)
  A ynoxinul (Abyss:2)
  Sigmund (D:4)
  A jumping spider (Lair:2)
  13 wyverns
  A spriggan (Lair:4)
  28 yaks
  2 large abominations (Abyss:2)
  A basilisk (Lair:5)
  A chaos spawn (Abyss:2)
  2 redbacks (Lair:5)
  3 fire bats (Abyss:2)
  2 steam dragons
  3 neqoxecs (Abyss:2)
  7 wargs (Orc:2)
  2 nagas (Abyss:2)
  18 water moccasins
  An ice beast (D:6)
  2 sky beasts
  13 orc warriors
  2 black bears
  7 ogres
  19 wolves
  2 centaurs
  A phantom (D:7)
  3 kobold brigands
  10 bullfrogs
  A gnoll sergeant (D:8)
  4 scorpions
  9 wights
  10 killer bees
  6 howler monkeys
  2 jellies
  20 orc priests
  6 hounds
  Crazy Yiuf (D:6)
  A gnoll bouda (D:8)
  2 sleepcaps
  Natasha (thrice) (D:4)
  An iguana (D:5)
  51 orc wizards
  4 small abominations (Abyss:2)
  12 mummies
  17 gnolls
  6 adders
  A white imp (Abyss:2)
  An ufetubus (Abyss:2)
  3 worms
  2 dart slugs (D:3)
  112 orcs
  4 endoplasms
  2 giant cockroaches
  5 goblins
  5 hobgoblins
  7 jackals
  17 kobolds
  3 quokkas
  7 ball pythons
  14 bats
  3 frilled lizards
  A gnoll skeleton (Ossuary)
  4 goblin skeletons (Ossuary)
  2 kobold skeletons (Ossuary)
  An orc skeleton (Ossuary)
  6 rats
  11 rat skeletons (Ossuary)
682 creatures vanquished.

Vanquished Creatures (others)
  A large abomination (Abyss:2)
  A small abomination (Abyss:2)
  An orc wizard (Orc:2)
  An orc (Orc:2)
  A starspawn tentacle (Abyss:2)
5 creatures vanquished.

Grand Total: 687 creatures vanquished

Notes
Turn   | Place    | Note
-------+----------+-------------------------------------------
     0 | D:1      | CrazyBamboolord the Ghoul Fighter began the quest for the
                  | Orb.
     0 | D:1      | Reached XP level 1. HP: 19/19 MP: 0/0
   338 | D:1      | Reached XP level 2. HP: 26/26 MP: 1/1
   765 | D:1      | Reached XP level 3. HP: 33/33 MP: 2/2
  1837 | D:2      | Reached XP level 4. HP: 28/40 MP: 3/3
  2760 | D:4      | Noticed Natasha
  2784 | D:4      | Killed Natasha
  2785 | D:4      | Reached XP level 5. HP: 31/47 MP: 4/4
  2904 | D:4      | Found Eseigalu's Vocational Training.
  2907 | D:4      | Noticed Natasha
  2914 | D:4      | Killed Natasha
  3054 | D:4      | Noticed Grinder
  3056 | D:4      | Paralysed by Grinder for 4 turns
  3076 | D:4      | Killed Grinder
  3077 | D:4      | Reached skill level 5 in Fighting
  3077 | D:4      | Reached XP level 6. HP: 56/56 MP: 5/5
  3102 | D:4      | Found a broken altar of Ashenzari.
  3203 | D:4      | Found Duinyxe's General Store.
  3211 | D:4      | Bought a scroll of enchant armour for 82 gold pieces
  3275 | D:4      | Noticed Natasha
  3281 | D:4      | Killed Natasha
  3288 | D:4      | Identified the ring of Osypherao {*Slow rElec rCorr Str+6
                  | Slay+5}
  3522 | D:4      | Noticed Sigmund
  3540 | D:4      | Killed Sigmund
  3541 | D:4      | Reached XP level 7. HP: 53/61 MP: 6/6
  3658 | D:5      | Entered Level 5 of the Dungeon
  3727 | D:5      | Noticed Prince Ribbit
  3741 | D:5      | Killed Prince Ribbit
  3742 | D:5      | Reached skill level 5 in Unarmed Combat
  3920 | D:5      | Reached skill level 5 in Armour
  3920 | D:5      | Reached XP level 8. HP: 59/70 MP: 7/7
  4522 | D:5      | Found a snail-covered altar of Cheibriados.
  4602 | D:6      | Noticed Jeremiah
  4676 | D:5      | Killed Jeremiah
  4901 | D:6      | Reached XP level 9. HP: 79/79 MP: 8/8
  5011 | D:6      | Found a shimmering blue altar of Sif Muna.
  5012 | D:6      | Found a sparkling altar of Nemelex Xobeh.
  5153 | D:6      | Reached skill level 5 in Shields
  5278 | D:6      | Found a runed translucent door.
  5279 | D:6      | Noticed Crazy Yiuf
  5643 | D:6      | Killed Crazy Yiuf
  5743 | D:7      | Found a sand-covered staircase.
  5768 | Ossuary  | Entered an ossuary
  6843 | D:4      | Bought an amulet of reflection for 330 gold pieces
  7300 | D:7      | Found a staircase to the Ecumenical Temple.
  7562 | D:8      | Reached XP level 10. HP: 88/90 MP: 9/9
  7594 | D:8      | Found a flagged portal.
  7603 | Bailey   | Entered a bailey
  7935 | Temple   | Entered the Ecumenical Temple
  7965 | D:8      | Found an iron altar of Okawaru.
  7965 | D:8      | Found a faded altar of an unknown god.
  7993 | D:8      | Became a worshipper of Warmaster Okawaru
  8012 | D:8      | Found a radiant altar of Vehumet.
  8015 | D:8      | Found a faded altar of an unknown god.
  8080 | D:8      | Found a blossoming altar of Fedhas.
  8509 | D:8      | Reached skill level 1 in Invocations
  8517 | D:8      | Identified the +0 cloak "Ufrel" {Drain Will+++ Regen+
                  | Int-3}
  8533 | D:8      | Reached * piety under Okawaru
  8622 | D:9      | Reached ** piety under Okawaru
  8635 | D:9      | Found a staircase to the Lair.
  8945 | D:9      | Found a transporter.
  8984 | D:9      | Found a transporter.
  9009 | D:9      | Found a transporter.
  9342 | D:9      | Reached skill level 10 in Fighting
  9435 | D:9      | Found a transporter.
  9505 | D:10     | Entered Level 10 of the Dungeon
  9514 | D:10     | Reached XP level 11. HP: 99/99 MP: 10/12
  9599 | D:10     | Noticed a two-headed ogre
  9610 | D:10     | Killed a two-headed ogre
  9610 | D:10     | Reached *** piety under Okawaru
  9611 | D:10     | Reached skill level 10 in Unarmed Combat
  9693 | D:10     | Noticed a two-headed ogre
  9703 | D:10     | Killed a two-headed ogre
  9853 | D:10     | Found a staircase to the Orcish Mines.
  9970 | D:10     | Found a shadowy altar of Dithmenos.
 10171 | D:10     | Found an opulent altar of Gozag.
 10246 | Lair:1   | Entered Level 1 of the Lair of Beasts
 10268 | Lair:1   | Reached **** piety under Okawaru
 10444 | Lair:1   | Reached skill level 1 in Dodging
 10547 | Lair:1   | Reached ***** piety under Okawaru
 10609 | Lair:1   | Reached XP level 12. HP: 56/110 MP: 14/14
 10733 | Lair:1   | Noticed a boulder beetle
 10761 | Lair:1   | Killed a boulder beetle
 10761 | Lair:1   | Received a gift from Okawaru
 10966 | Lair:1   | Noticed Amaemon
 11036 | Lair:1   | Killed Amaemon
 11037 | Lair:1   | Reached skill level 5 in Invocations
 11614 | Lair:2   | Found a staircase to the Shoals.
 11632 | Lair:2   | Reached skill level 5 in Dodging
 11754 | Lair:2   | Noticed a skyshark
 11755 | Lair:2   | Noticed a skyshark
 11761 | Lair:2   | Killed a skyshark
 11764 | Lair:2   | Killed a skyshark
 11771 | Lair:2   | Received a gift from Okawaru
 11929 | Lair:2   | Found a hole to the Spider Nest.
 12083 | Lair:2   | You fall into a shaft and drop 2 floors!
 12244 | Lair:3   | Noticed an eight-headed hydra
 12250 | Lair:3   | Reached XP level 13. HP: 119/119 MP: 16/16
 12338 | Lair:2   | Noticed Sonja
 12342 | Lair:2   | Killed Sonja
 12551 | Lair:2   | Reached skill level 10 in Armour
 13188 | Lair:4   | Received a gift from Okawaru
 13883 | Lair:4   | Reached ****** piety under Okawaru
 13885 | Lair:4   | Acquired a +0 pair of boots of flying
 13885 | Lair:4   | Received a gift from Okawaru
 14173 | Lair:5   | Entered Level 5 of the Lair of Beasts
 14179 | Lair:5   | Received a gift from Okawaru
 14599 | Lair:5   | Reached XP level 14. HP: 122/129 MP: 18/18
 14665 | Lair:5   | Identified the +0 rapier "Dius" {antimagic, rPois rCorr
                  | Dex-3 Stlth+}
 14688 | Lair:5   | Found a runed translucent door.
 14716 | Lair:5   | Received a gift from Okawaru
 15642 | Lair:5   | Received a gift from Okawaru
 16018 | Lair:5   | Found a runed translucent door.
 16018 | Lair:5   | Found a viscous altar of Jiyva.
 16018 | Lair:5   | Found a staircase to the Slime Pits.
 16018 | Lair:5   | Noticed an acid blob
 16018 | Lair:5   | Noticed an acid blob
 16018 | Lair:5   | Noticed an acid blob
 16655 | Orc:1    | Entered Level 1 of the Orcish Mines
 16875 | Orc:1    | Found Giegh's Magic Scroll Emporium.
 16887 | Orc:1    | Bought a scroll of torment for 133 gold pieces
 16887 | Orc:1    | Bought a scroll of fog for 56 gold pieces
 16887 | Orc:1    | Bought a scroll of teleportation for 42 gold pieces
 16887 | Orc:1    | Bought a scroll of teleportation for 42 gold pieces
 16933 | Orc:2    | Entered Level 2 of the Orcish Mines
 16933 | Orc:2    | Found a staircase to the Elven Halls.
 16999 | Orc:2    | Received a gift from Okawaru
 17024 | Orc:2    | Paralysed by an orc sorcerer for 2 turns
 17041 | Orc:2    | Paralysed by an orc sorcerer for 3 turns
 17087 | Orc:2    | Found Luehy's Weapon Boutique.
 17110 | Orc:2    | Found Kongitz's Antique Weapon Emporium.
 17130 | Orc:2    | Paralysed by an orc sorcerer for 4 turns
 17318 | Orc:2    | Found Betaanof's Distillery.
 17318 | Orc:2    | Found Jawnu's Jewellery Emporium.
 17406 | Orc:2    | Bought a potion of curing for 45 gold pieces
 17406 | Orc:2    | Bought 2 potions of curing for 90 gold pieces
 17406 | Orc:2    | Bought a potion of haste for 150 gold pieces
 17406 | Orc:2    | Bought a potion of curing for 45 gold pieces
 17406 | Orc:2    | Bought a potion of invisibility for 120 gold pieces
 17406 | Orc:2    | Bought 3 potions of enlightenment for 225 gold pieces
 17406 | Orc:2    | Bought a potion of haste for 150 gold pieces
 17506 | Orc:2    | Found Zekutoh's General Store.
 17514 | Orc:2    | Bought a potion of heal wounds for 65 gold pieces
 17514 | Orc:2    | Bought a scroll of identify for 26 gold pieces
 17526 | Orc:2    | Paralysed by an orc sorcerer for 2 turns
 18037 | Orc:2    | Reached XP level 15. HP: 98/139 MP: 20/20
 18119 | Orc:1    | Reached skill level 15 in Fighting
 18507 | Orc:1    | Found a runed translucent door.
 18728 | Orc:1    | Received a gift from Okawaru
 18910 | D:11     | Noticed Erolcha
 18915 | Abyss:2  | Cast into level 2 of the Abyss (Erolcha)
 19001 | Abyss:2  | Found a corrupted altar of Lugonu.
 19140 | Abyss:2  | Noticed a tentacled monstrosity
 19150 | Abyss:2  | Killed a tentacled monstrosity
 19167 | Abyss:2  | Lost intelligence.
 19210 | Abyss:2  | Reached skill level 15 in Unarmed Combat
 19211 | Abyss:2  | Received a gift from Okawaru
 19224 | Arena    | Entered the Arena
 19290 | Abyss:2  | Noticed a hellephant
 19296 | Abyss:2  | Found a corrupted altar of Lugonu.
 19318 | Abyss:2  | Killed a hellephant
 19394 | Abyss:2  | Found a corrupted altar of Lugonu.
 19926 | Abyss:2  | Paralysed by accursed screaming for 1 turns
 19932 | Abyss:2  | Received a gift from Okawaru
 20079 | Abyss:2  | Lost intelligence.
 20083 | Abyss:2  | HP: 5/143 [wretched star/lance of force (14)]
 20275 | Abyss:2  | Noticed a tentacled starspawn
 20280 | Abyss:2  | Noticed a bone dragon
 20289 | Abyss:2  | Slain by a bone dragon

Illustrated notes

Levels and vault maps discovered:
D:1:      sevenhm_arrival_forest_fort_small_5, layout_loops_corners
D:2:      layout_loops_corners
D:3:      layout_basic, reono_crystal_passage
D:4:      layout_basic, nicolae_ashenzari_panopticon, serial_shops, shop,
          nicolae_shop_vocational, uniq_grinder, uniq_sigmund, uniq_natasha
D:5:      layout_cave_pools, slow_altar_2, nicolae_tso_carved_into_rock,
          kennysheep_generic_room_4, uniq_prince_ribbit1
D:6:      layout_loops_ring, minitemple, roderic_batcave, minmay_misc_feat_five,
          uniq_crazy_yiuf_cottage, uniq_jeremiah
D:7:      layout_basic, mainiacjoe_overflow_six_doors_small,
          minmay_temple_entry_from_below_a, enter_ossuary_3
D:8:      layout_basic, chequers_temple_overflow_minitemple,
          fedhas_ov_isle_minmay, enter_bailey_2
D:9:      layout_rooms, grunt_lair_entry_orc_guard_hut,
          nicolae_transporter_intersection
D:10:     layout_basic, lemuel_round_altar, nicolae_gozag_seed_capital,
          orc_david_3
D:11:     layout_gridville, uniq_fannar, uniq_erolcha
Temple:   hellmonk_temple_micro_hex
Lair:1:   layout_hall_layers, uniq_amaemon
Lair:2:   beargit_carnivore_pack, layout_loops_ring, nicolae_shoals_entry_roost,
          spider_nest_entry_rubble, uniq_sonja
Lair:3:   layout_cave_shapes
Lair:4:   layout_cellular_growth, grunt_forest_large_clearing_hut,
          infiniplex_staircase_pool_2
Lair:5:   hangedman_lair_tendril_chambers, layout_cave_pods, wormcave,
          slime_entry_2, lemuel_fruit_tree
Orc:1:    layout_diamond_mine, serial_shops, nicolae_shop_just_a_little_nook,
          lightli_church_of_beogh
Orc:2:    st_orc_town, layout_diamond_mine, serial_shops, nicolae_shop_crystal
Abyss:2:  base: D:5, lemuel_firewalk_3, base: D:15, base: Orc:1,
          serial_sigils_hangedman_gut

Skill      XL: |  1  2  3  4  5  6  7  8  9 10 11 12 13 14 15 |
---------------+----------------------------------------------+-----
Armour         | 3 4 5 7 8 9 10 11 | 11.6
Shields        | 3 4 5 6 7 8 9 |  9.9
Unarmed Combat | 3 4 5 6 8 9 10 12 13 14 15 | 15.4
Fighting       | 4 5 6 7 8 10 11 12 13 14 15 | 15.7
Invocations    | 2 4 5 7 8 9 |  9.3
Dodging        | 3 7 9 |  9.0

Action                     |  1- 3 |  4- 6 |  7- 9 | 10-12 | 13-15 || total
---------------------------+-------+-------+-------+-------+-------++-------
  Melee: Unarmed           |   125 |   159 |   397 |   686 |  1181 ||  2548
 Invoke: Heroism           |       |       |       |     2 |     2 ||     4
         Receive Armour    |       |       |       |       |     1 ||     1
         Finesse           |       |       |       |       |     1 ||     1
         Duel              |       |       |       |       |     1 ||     1
  Evoke: Wand              |       |       |       |     4 |     5 ||     9
    Use: Scroll            |     1 |    10 |    10 |     6 |    10 ||    37
         Potion            |       |       |       |     3 |    18 ||    21
 Armour: Scale mail        |    62 |    23 |       |   410 |   903 ||  1398
         Chain mail        |       |    66 |   221 |    18 |       ||   305
  Dodge: Dodged            |   100 |   104 |   192 |   580 |   660 ||  1636
  Block: Buckler           |    41 |    29 |    75 |   362 |   642 ||  1149
         Reflection        |       |       |     1 |     7 |     1 ||     9

Table legend: (Time is in decaauts)
 A = Elapsed time spent in this place.
 B = Non-inter-level travel time spent in this place.
 C = Inter-level travel time spent in this place.
 D = Time resting spent in this place.
 E = Time spent auto-exploring this place.
 F = Levels seen in this place.
 G = Mean time per level.
                   A        B        C        D        E       F      G
               +--------+--------+--------+--------+--------+-----+--------+
         Total |  19977 |  18640 |   1337 |   2220 |  11935 |  24 |  832.4 |
       Dungeon |   9847 |   8782 |   1065 |    572 |   6410 |  11 |  895.2 |
        Temple |      1 |      1 |      0 |      0 |      0 |   1 |    1.0 |
          Lair |   6169 |   5974 |    195 |    149 |   4648 |   5 | 1233.8 |
  Orcish Mines |   1941 |   1865 |     76 |    537 |    817 |   2 |  970.5 |
         Abyss |   1368 |   1368 |      0 |    938 |     13 |   2 |  684.0 |
       Ossuary |    321 |    321 |      0 |      0 |     47 |   1 |  321.0 |
        Bailey |    294 |    294 |      0 |      0 |      0 |   1 |  294.0 |
         Arena |     33 |     33 |      0 |     24 |      0 |   1 |   33.0 |
               +--------+--------+--------+--------+--------+-----+--------+

Top non-repeatable levels by time:
  Lair:5: 2257 daAuts
   Orc:2: 1492 daAuts
 Abyss:2: 1368 daAuts
  Lair:1: 1336 daAuts
     D:7: 1280 daAuts
     D:5: 1205 daAuts
  Lair:4: 1078 daAuts
     D:4: 1030 daAuts
     D:1: 1002 daAuts
     D:9: 995 daAuts
     D:2: 920 daAuts
     D:6: 907 daAuts
    D:10: 894 daAuts
  Lair:2: 891 daAuts
     D:3: 793 daAuts
